 Dungeon Crawl Stone Soup version 0.25.0 (webtiles) character file.

Game seed: 7909234407556316478

933766 mayonnaise the Slayer (level 27, -4/257 HPs)
             Began as a Mummy Fighter on June 12, 2020.
             Was an Initiate of Gozag.
             Killed from afar by Asmodeus (49 damage)
             ... with damnation
             ... on level 7 of Gehenna.
             The game lasted 05:25:30 (100989 turns).

mayonnaise the Slayer (Mummy Fighter)             Turns: 100989, Time: 05:25:31

Health: -4/257     AC: 40    Str: 26    XL:     27
Magic:  29/37      EV: 19    Int: 22    God:    Gozag
Gold:   7327       SH: 34    Dex: 18    Spells: 14/47 levels left

rFire    + + +     SeeInvis +   b - +9 eveningstar (flame)
rCold    + + +     Gourm    .   t - +8 tower shield {reflect}
rNeg     + + +     Faith    .   O - +12 fire dragon scales of Grace {+Fly rF++ rC- Int+4 Stlth+}
rPois    ∞         Spirit   .   V - +2 helmet {SInv}
rElec    +         Reflect  +   a - scarf {rC+ rF+}
rCorr    +         Harm     +   H - +3 pair of gloves "Tubbirhi" {rC+ rN+}
MR       +++++                  Q - +4 pair of boots of Polish {Harm}
Stlth    ..........             X - amulet of Vitality {Regen+ HP+15}
HPRegen  0.92/turn              v - ring of the Mage {Wiz MR++ Int+3}
MPRegen  0.25/turn              s - ring "Xoorhi" {rF+ rC+ Int+2 Dex+6 Slay+2}

@: silence, resistant, gold aura, hasted, bribing [the Vestibule of Hell, the
Iron City of Dis, Gehenna, Cocytus, Tartarus], very quick
A: no food or potions, fire vulnerability, cold resistance 1, negative energy
resistance 3, torment resistance, unbreathing, in touch with death 2
}: 6/15 runes: serpentine, barnacled, slimy, silver, iron, bone
a: Renounce Religion, Evoke Flight


You were on level 7 of Gehenna.
You worshipped Gozag.
Gozag was greatly pleased with you.
You were not hungry.

You visited 16 branches of the dungeon, and saw 79 of its levels.
You visited the Abyss 1 time.
You visited 1 bazaar.
You also visited: Sewer, Bailey, Gauntlet and Ice Cave.

You collected 46256 gold pieces.
You spent 7350 gold pieces at shops.
You paid 31579 gold pieces to Gozag.

Inventory:

Hand Weapons
 b - a +9 eveningstar of flaming (weapon)
Missiles
 i - 47 javelins
 r - 48 silver javelins (quivered)
Armour
 a - a scarf of resistance (worn)
 e - +1 gold dragon scales
 t - a +8 tower shield of reflection (worn)
 H - the +3 pair of gloves "Tubbirhi" (worn) {rC+ rN+}
   (You found it in a Gauntlet)

   It protects you from cold.
   It protects you from negative energy.
 O - the +12 fire dragon scales of Grace (worn) {+Fly rF++ rC- Int+4 Stlth+}
   (You bought it in a shop on level 14 of the Dungeon)

   It affects your intelligence (+4).
   It greatly protects you from fire.
   It makes you vulnerable to cold.
   It lets you fly.
   It makes you more stealthy.
 Q - the +4 pair of boots of Polish (worn) {Harm}
   (You found it on level 5 of the Lair of Beasts)

   It increases damage dealt and taken.
 V - a +2 helmet of see invisible (worn)
 Y - the +0 cloak "Rick" {Dex+4}
   (You found it on level 5 of the Vaults)

   It affects your dexterity (+4).
Jewellery
 c - the ring "Ibbi" {rF+ Str+2 Int+8 Stlth-}
   (You found it on level 7 of Tartarus)

   [ring of protection from fire]

   It affects your strength (+2).
   It affects your intelligence (+8).
   It protects you from fire.
   It makes you less stealthy.
 h - the brooch of Shielding {Spirit SH+8}
   (You found it on level 7 of Tartarus)

   [amulet of guardian spirit]

   It causes incoming damage to be split between your health and magic.
   It affects your SH (+8).
 s - the ring "Xoorhi" (right hand) {rF+ rC+ Int+2 Dex+6 Slay+2}
   (You found it on level 5 of the Lair of Beasts)

   [ring of dexterity]

   It affects your intelligence (+2).
   It affects your dexterity (+6).
   It affects your accuracy and damage with ranged weapons and melee attacks
   (+2).
   It protects you from fire.
   It protects you from cold.
 v - the ring of the Mage (left hand) {Wiz MR++ Int+3}
   (You found it on level 5 of the Pits of Slime)

   [ring of wizardry]

   It improves your spell success rate.
   It affects your intelligence (+3).
   It affects your resistance to hostile enchantments.
 w - the ring "Misypn" {rElec rN+ MR- Str+6 Int+5}
   (You found it in a Gauntlet)

   [ring of strength]

   It affects your strength (+6).
   It affects your intelligence (+5).
   It insulates you from electricity.
   It protects you from negative energy.
   It affects your resistance to hostile enchantments.
 F - the ring of Greed {rCorr Dex+4 Stlth+}
   (You found it on level 4 of the Shoals)

   [ring of resist corrosion]

   It affects your dexterity (+4).
   It provides partial protection from all sources of acid and corrosion.
   It makes you more stealthy.
 S - an uncursed amulet of guardian spirit
 X - the amulet of Vitality (around neck) {Regen+ HP+15}
   (You took it off a deep elf sorcerer on level 3 of the Elven Halls)

   [amulet of regeneration]

   It affects your health (+15).
   It increases your rate of regeneration.
 Z - the ring "Wukues" {rF+ rN+ MR+ Dex+4}
   (You found it on level 3 of the Crypt)

   [ring of positive energy]

   It affects your dexterity (+4).
   It protects you from fire.
   It protects you from negative energy.
   It affects your resistance to hostile enchantments.
Wands
 g - a wand of iceblast (39)
 m - a wand of acid (35)
 B - a wand of digging (8)
 I - a wand of disintegration (43)
 M - a wand of clouds (2)
 P - a wand of paralysis (41)
Scrolls
 d - a scroll of amnesia
 f - 28 scrolls of remove curse
 j - 8 scrolls of immolation
 k - 15 scrolls of enchant armour
 l - 26 scrolls of teleportation
 n - 13 scrolls of fear
 o - a scroll of brand weapon
 p - 14 scrolls of blinking
 q - 3 scrolls of enchant weapon
 x - 2 scrolls of magic mapping
 z - 2 scrolls of silence
 A - 5 scrolls of fog
 C - 12 scrolls of identify
 K - 5 scrolls of torment
 U - 2 scrolls of summoning
Miscellaneous
 D - 2 phantom mirrors
 E - a lightning rod (4/4)
 G - 6 boxes of beasts
 R - a tin of tremorstones (3/3)
 T - a phial of floods


   Skills:
 + Level 25.2 Fighting
 - Level 22.4 Maces & Flails
 - Level 11.1 Throwing
 - Level 17.8 Armour
 - Level 12.1 Dodging
 - Level 25.0 Shields
 - Level 10.9 Spellcasting
 - Level 10.6 Hexes
 - Level 3.1 Charms
 - Level 13.8 Necromancy
 - Level 5.1 Translocations
   Level 1.1 Fire Magic
 - Level 2.0 Air Magic
 - Level 12.6 Evocations


You had 14 spell levels left.
You knew the following spells:

 Your Spells              Type           Power        Failure   Level  Hunger
a - Song of Slaying       Chrm           ####....     1%          2    N/A
b - Spectral Weapon       Hex/Chrm       #####...     1%          3    N/A
c - Blink                 Tloc           N/A          1%          2    N/A
d - Silence               Hex/Air        #####.....   9%          5    N/A
e - Invisibility          Hex            ######..     9%          6    N/A
f - Borgnjor's Vile Clut  Necr/Erth      #######...   7%          5    N/A
g - Passage of Golubria   Tloc           N/A          5%          4    N/A
h - Lesser Beckoning      Tloc           ####......   1%          3    N/A
i - Recall                Summ/Tloc      N/A          4%          3    N/A

Your spell library contained the following spells:

 Spells                   Type           Power        Failure   Level  Hunger
 Animate Skeleton         Necr           N/A          1%          1    N/A
 Apportation              Tloc           ####..       1%          1    N/A
 Corona                   Hex            ######.      1%          1    N/A
 Infusion                 Chrm           ####         1%          1    N/A
 Pain                     Necr           ####         1%          1    N/A
 Corpse Rot               Necr/Air       N/A          1%          2    N/A
 Ensorcelled Hibernation  Hex/Ice        #####.       1%          2    N/A
 Shroud of Golubria       Chrm/Tloc      ####..       1%          2    N/A
 Slow                     Hex            ######..     1%          2    N/A
 Confusing Touch          Hex            ######..     1%          3    N/A
 Dazzling Flash           Conj/Hex       #####.       1%          3    N/A
 Gell's Gravitas          Tloc           ####......   1%          3    N/A
 Inner Flame              Hex/Fire       #####...     1%          3    N/A
 Portal Projectile        Hex/Tloc       #####.       1%          3    N/A
 Summon Guardian Golem    Hex/Summ       #####...     1%          3    N/A
 Teleport Other           Tloc           ####....     1%          3    N/A
 Tukima's Dance           Hex            ######..     1%          3    N/A
 Vampiric Draining        Necr           ########..   1%          3    N/A
 Animate Dead             Necr           N/A          1%          4    N/A
 Cause Fear               Hex            ######....   1%          4    N/A
 Dispel Undead            Necr           ########     1%          4    N/A
 Agony                    Necr           ########     1%          5    N/A
 Swiftness                Chrm/Air       ###.....     2%          2    N/A
 Death Channel            Necr           ########..   2%          6    N/A
 Foxfire                  Conj/Fire      ##..         3%          1    N/A
 Excruciating Wounds      Chrm/Necr      #######...   3%          5    N/A
 Freeze                   Ice            ##..         4%          1    N/A
 Magic Dart               Conj           ##..         4%          1    N/A
 Sandblast                Erth           ##....       4%          1    N/A
 Summon Butterflies       Summ           ##......     4%          1    N/A
 Summon Small Mammal      Summ           ##..         4%          1    N/A
 Poisonous Vapours        Pois/Air       ###...       4%          2    N/A
 Fulminant Prism          Conj/Hex       #####.....   4%          4    N/A
 Leda's Liquefaction      Hex/Erth       #####.....   4%          4    N/A
 Call Imp                 Summ           ##......     6%          2    N/A
 Passwall                 Tmut/Erth      ##......     6%          2    N/A
 Searing Ray              Conj           ##....       6%          2    N/A
 Ozocubu's Armour         Chrm/Ice       ###.....     7%          3    N/A
 Darkness                 Hex            ######....   9%          6    N/A
 Mephitic Cloud           Conj/Pois/Air  ##......     10%         3    N/A
 Conjure Flame            Conj/Fire      ##......     11%         3    N/A
 Ignite Poison            Fire/Tmut/Pois ##......     11%         3    N/A
 Call Canine Familiar     Summ           ##......     13%         3    N/A
 Frozen Ramparts          Ice            ##....       13%         3    N/A
 Stone Arrow              Conj/Erth      ##....       13%         3    N/A
 Metabolic Englaciation   Hex/Ice        #####.....   13%         5    N/A
 Summon Mana Viper        Hex/Summ       #####...     13%         5    N/A
 Yara's Violent Unravell  Hex/Tmut       #####.....   13%         5    N/A
 Iskenderun's Mystic Bla  Conj/Tloc      ###.....     16%         4    N/A
 Summon Lightning Spire   Summ/Air       ###.....     26%         4    N/A
 Simulacrum               Ice/Necr       #######...   34%         6    N/A
 Hailstorm                Conj/Ice       ##......     38%         4    N/A
 Petrify                  Tmut/Erth      ##......     38%         4    N/A
 Summon Ice Beast         Ice/Summ       ##......     38%         4    N/A
 Summon Forest            Summ/Tloc      ###.......   38%         5    N/A
 Iskenderun's Battlesphe  Conj/Chrm      ###.....     50%         5    N/A
 Dispersal                Tloc           ####......   58%         6    N/A
 Bolt of Magma            Conj/Fire/Erth ##........   65%         5    N/A
 Fireball                 Conj/Fire      ##........   65%         5    N/A
 Alistair's Intoxication  Tmut/Pois      ##......     71%         5    N/A
 Irradiate                Conj/Tmut      ##........   71%         5    N/A
 Lee's Rapid Deconstruct  Erth           ##........   71%         5    N/A
 Discord                  Hex            ######....   96%         8    N/A
 Conjure Ball Lightning   Conj/Air       ###.......   98%         6    N/A
 Eringya's Noxious Bog    Tmut/Pois      ##........   99%         6    N/A
 Freezing Cloud           Conj/Ice/Air   ##........   99%         6    N/A
 Iron Shot                Conj/Erth      ##........   99%         6    N/A
 Shadow Creatures         Summ           N/A          99%         6    N/A
 Malign Gateway           Summ/Tloc      ###.......   100%        7    N/A
 Orb of Destruction       Conj           ##........   100%        7    N/A
 Ring of Flames           Chrm/Fire      ###.......   100%        7    N/A
 Spellforged Servitor     Conj/Summ      ##........   100%        7    N/A
 Summon Hydra             Summ           ##........   100%        7    N/A
 Controlled Blink         Tloc           N/A          100%        8    N/A
 Disjunction              Tloc           ####......   100%        8    N/A
 Shatter                  Erth           ##........   100%        9    N/A
 Tornado                  Air            ###.......   100%        9    N/A
 Sublimation of Blood     Necr           Unusable     N/A         2    N/A
 Spider Form              Tmut/Pois      Unusable     N/A         3    N/A
 Hydra Form               Tmut           Unusable     N/A         6    N/A
 Statue Form              Tmut/Erth      Unusable     N/A         6    N/A
 Dragon Form              Tmut           Unusable     N/A         7    N/A

Dungeon Overview and Level Annotations

Branches:
Dungeon (15/15)            Temple (1/1) D:4            Lair (6/6) D:8
 Shoals (4/4) Lair:2        Snake (4/4) Lair:2        Slime (5/5) Lair:5
    Orc (2/2) D:9             Elf (3/3) Orc:2        Vaults (5/5) D:14
  Crypt (3/3) Vaults:2       Tomb (0/3) Crypt:3      Depths (5/5) D:15
   Hell (visited)             Dis (7/7) Hell            Geh (7/7) Hell
    Coc (0/7) Hell            Tar (7/7) Hell            Zot (4/5) Depths:5
  Sewer (visited)          Bailey (visited)           IceCv (visited)
Gauntlet (visited)

Altars:
Ashenzari
Cheibriados
Elyvilon
Fedhas
Gozag
Hepliaklqana
Kikubaaqudgha
Okawaru
Ru
Sif Muna
Trog
Uskayaw
Vehumet
Wu Jian
Xom
Yredelemnul
Zin
The Shining One
Jiyva

Shops:
D:6 *   D:8 =   D:9 ?   D:14 ([!   D:15 :   Orc:2 [*(=   Elf:2 **   Snake:4 [
Vaults:3 %   Vaults:5 =?%%??!!!   Hell *   Zot:3 ?   Depths:4 *   Depths:5 %(*

Portals:
Hell: Depths:1 Depths:2 Depths:3 Depths:4 Depths:5
Abyss: Depths:2 Depths:4
Pandemonium: Depths:3
Ziggurat: Depths:5

Annotations:
D:5 3 runed translucent doors, lun's ghost, novice DDFi
D:8 3 runed translucent doors, Edgeworth's ghost, novice HOFi
D:15 3 runed translucent doors, Doot's ghost, journeyman DEFE
Snake:1 1 runed translucent door, Froggeryz's ghost, journeyman FeMo
Snake:4 1 runed translucent door, Zoimialu's ghost, adept OpWz
Geh:7 Asmodeus


Innate Abilities, Weirdness & Mutations

You do not eat or drink.
Your flesh is vulnerable to fire.
You are immune to poison.
Your flesh is cold resistant. (rC+)
You are immune to negative energy. (rN+++)
You are immune to unholy pain and torment.
You can survive without breathing.
You are strongly in touch with the powers of death.


Message History

You sock the Brimstone Fiend!
You kill the Brimstone Fiend!
Unknown command.
You impale Asmodeus!!
Asmodeus is lightly wounded.
You are engulfed in blazing flames.
You resist. The Brimstone Fiend gestures at you.
The sphere of damnation explodes!
The damnation engulfs you!!!
* * * LOW HITPOINT WARNING * * *
The damnation engulfs the Brimstone Fiend.
The Brimstone Fiend completely resists.
The damnation engulfs Asmodeus.
Asmodeus completely resists.
Unknown command.
You sock the Brimstone Fiend!
The Brimstone Fiend is lightly wounded.
You are engulfed in blazing flames.
You resist. Asmodeus gestures at you.
The sphere of damnation explodes!
The damnation engulfs you!!!
You die...
Your body crumbles into a pile of gold.

≈≈≈≈≈≈≈≈§§§§§≈###'###≈≈≈§≈≈≈≈≈≈≈
#######≈≈≈≈≈≈###...###≈≈≈≈≈≈≈≈≈≈
......#≈≈§≈≈###.....###≈≈≈≈≈≈≈≈≈
......#≈≈≈§§##..#.#..##≈≈≈≈≈≈≈≈≈
..#*..#≈§≈≈§##.......##§≈≈≈≈≈≈≈≈
..##..#§≈≈≈§##.......##≈≈≈≈≈≈≈≈≈
......#≈≈≈≈§##..#.#..##≈≈≈≈≈≈≈≈≈
......#≈≈≈≈≈*##.....##*≈≈≈≈≈≈≈≈≈
##..###≈≈≈≈≈* ##@1○## *≈≈≈≈≈≈≈≈≈
,#..#≈≈≈≈≈≈≈* ##&## *≈≈≈≈≈≈≈≈≈
,#..#≈≈≈≈≈≈≈* #°2○# *≈≈≈≈≈≈≈≈≈
.#..#≈≈≈≈≈≈≈* #.°○# *≈≈≈≈≈≈≈≈≈
.#..#≈≈≈≈≈≈≈* #...# *≈≈≈≈≈≈≈≈≈
.#..##≈≈≈≈≈≈***#...#***≈≈≈≈≈≈≈≈≈
8#...#≈≈≈≈≈≈**,.....,**≈≈≈≈≈≈≈≈≈
##...#≈≈≈≈≈≈**,..#..,**≈≈≈≈≈≈≈≈≈
#....#≈≈≈≈≈≈**.1#*#○&**≈≈≈≈≈≈≈≈≈


You could see Asmodeus, a Brimstone Fiend and a balrug (summoned).

Vanquished Creatures
  the Royal Jelly (Slime:5)
  Ereshkigal (Tar:7)
  the Serpent of Hell (Tar:7)
  Dispater (Dis:7)
  Khufu (Crypt:2)
  2 ancient liches
  An orb of fire (Zot:1)
  Mennas (Crypt:2)
  A juggernaut (Zot:3)
  The ghost of Switch the Slayer, a veteran DDFi of Makhleb (Vaults:1)
  Sojobo (Depths:5)
  2 greater mummies (Crypt:2)
  Margery (Vaults:2)
  Frederick (Vaults:3)
  5 Killer Klowns
  Xtahua (Crypt:2)
  A shard shrike (Zot:3)
  Vashnia (Snake:2)
  Bai Suzhen (Crypt:3)
  A caustic shrike (Depths:3)
  Saint Roka (Vaults:1)
  A curse toe (Zot:4)
  Nikola (Depths:2)
  Geryon (Hell)
  15 golden dragons
  14 bone dragons
  12 doom hounds
  26 Tzitzimimeh
  16 Brimstone Fiends
  5 iron giants
  14 tentacled monstrosities
  2 electric golems (Zot:3)
  7 titans
  5 Ice Fiends
  2 Hell Sentinels
  26 acid blobs
  3 deep elf blademasters (Elf:3)
  9 liches
  8 quicksilver dragons
  Murray (Hell)
  A deep elf master archer (Elf:3)
  2 krakens
  12 death cobs
  15 ancient champions
  9 tengu reavers
  6 sphinxes
  11 azure jellies
  25 storm dragons
  8 draconian monks
  12 nagarajas
  3 revenants
  10 fire giants
  6 draconian knights
  25 shadow dragons
  16 vault wardens
  A ghost moth (Zot:2)
  8 frost giants
  A deep elf elementalist (Depths:3)
  3 orc warlords
  4 curse skulls
  13 balrugs
  5 iron dragons
  Aizul (Snake:2)
  10 deep elf sorcerers
  A cacodemon (Dis:4)
  3 draconian scorchers
  Nessos (Lair:6)
  2 juggernaut zombies (Hell)
  39 reapers
  5 spriggan defenders
  4 ghouls
  6 draconian stormcallers
  7 draconian shifters
  10 ironheart preservers
  7 draconian annihilators
  13 war gargoyles
  3 entropy weavers
  13 vampire knights
  26 stone giants
  17 very ugly things
  5 deep elf demonologists
  14 green draconians
  11 deep elf annihilators
  22 black draconians
  3 lorocyprocas
  A minotaur (Gauntlet)
  4 merfolk javelineers
  16 white draconians
  15 spark wasps
  18 purple draconians
  13 yellow draconians
  The ghost of peterlawrence the Basher, a journeyman MiFi of Okawaru (Lair:5)
  3 crystal guardians (Crypt:3)
  18 ettins
  11 red draconians
  2 green deaths
  10 deep elf death magi
  6 eidola
  7 merfolk impalers
  16 great orbs of eyes
  4 blizzard demons (Hell)
  13 death oozes
  7 jiangshi
  A monstrous demonspawn (Depths:3)
  23 yaktaur captains
  A great orb of eyes (shapeshifter) (Depths:2)
  5 fire dragons
  5 deep elf high priests
  27 naga warriors
  A quicksilver dragon skeleton (Tar:1)
  5 quicksilver dragon zombies
  29 vault guards
  3 spriggan air magi
  15 ice dragons
  2 hell beasts
  4 rakshasas
  Erolcha (D:9)
  8 centaur warriors
  6 merfolk aquamancers
  4 anacondas
  9 hydras
  4 merfolk avatars
  13 deep troll shamans
  4 death knights
  An alligator (shapeshifter) (Elf:3)
  61 two-headed ogres
  19 ogre magi
  3 satyrs
  19 hell hogs
  A catoblepas (D:15)
  9 deep troll earth magi
  5 vampire magi
  19 naga sharpshooters
  7 titan zombies
  8 spriggan berserkers
  6 tengu warriors
  2 shock serpents (shapeshifter) (Vaults:4)
  10 shock serpents
  14 sun demons
  17 soul eaters
  3 orc high priests (Orc:2)
  3 spriggans
  17 deep elf knights
  3 sixfirhies (Zot:3)
  5 storm dragon zombies
  4 golden dragon zombies
  5 iron golems
  2 salamander mystics
  2 storm dragon skeletons
  4 anaconda zombies
  9 iron trolls
  61 hell knights
  4 titan skeletons
  29 deep trolls
  11 shadow wraiths
  A death drake (Gauntlet)
  77 skeletal warriors
  7 sea snakes
  3 unseen horrors
  A spark wasp zombie (Hell)
  11 glowing orange brains
  13 flayed ghosts
  2 ghost moth zombies
  An orange crystal statue (Lair:4)
  14 shadow demons
  A shadow dragon zombie (Crypt:3)
  A golden dragon skeleton (Tar:6)
  6 harpies (Shoals:4)
  4 wolf spider zombies
  2 anaconda skeletons
  2 tengu zombies
  2 iron dragon zombies
  A harpy (shapeshifter) (D:15)
  2 orb spiders (shapeshifter)
  5 wizards
  10 naga ritualists
  9 phantasmal warriors
  12 ironbrand convokers
  17 deep elf archers
  12 mana vipers
  32 necromancers
  3 shadow dragon skeletons
  12 frost giant zombies
  A salamander (shapeshifter) (Vaults:5)
  2 tengu skeletons
  2 large abominations (Abyss:2)
  A shining eye (shapeshifter) (Vaults:5)
  A draconian (Zot:4)
  3 wolf spiders
  8 shining eyes
  A sphinx zombie (Vaults:4)
  3 cyclopes
  28 orc knights
  6 orc sorcerers
  A worldbinder (Crypt:3)
  6 stone giant zombies
  58 deep elf magi
  22 moths of wrath
  4 fauns
  9 salamanders
  53 ugly things
  4 fire giant zombies
  2 iron dragon skeletons (Geh:5)
  4 merfolk sirens
  A manticore (shapeshifter) (Depths:2)
  13 manticores
  4 elephants (Lair:6)
  4 stone giant skeletons
  An apocalypse crab (Abyss:2)
  3 guardian serpents
  4 dire elephant zombies
  4 fire giant skeletons
  2 shock serpent skeletons
  9 vault sentinels
  27 naga magi
  An eye of devastation (shapeshifter) (Depths:1)
  3 human skeletons
  A water nymph (shapeshifter) (Depths:4)
  4 eyes of devastation
  9 water nymphs
  31 rust devils
  A titan simulacrum (Crypt:2)
  2 smoke demons (Hell)
  4 centaur skeletons
  3 elf skeletons
  36 black mambas
  A storm dragon simulacrum (Depths:4)
  A frost giant skeleton (Geh:4)
  6 ice statues
  18 hellions
  A spiny frog (shapeshifter) (Vaults:3)
  3 kobold demonologists (D:14)
  A dire elephant skeleton (Tar:7)
  5 emperor scorpion zombies
  A red draconian zombie (Crypt:2)
  4 rime drakes
  A catoblepas zombie (Geh:5)
  A gargoyle (D:11)
  13 freezing wraiths
  2 spriggan zombies
  A redback zombie (Gauntlet)
  A swamp worm zombie (Crypt:2)
  20 spiny frogs
  16 tormentors
  A yellow draconian zombie (Crypt:2)
  57 yaktaurs
  2 anaconda simulacra (IceCv)
  11 komodo dragons
  21 ice devils
  A minotaur skeleton (Tar:6)
  7 efreet
  A yaktaur skeleton (Vaults:4)
  A catoblepas skeleton (Tar:6)
  2 demonic crawlers (Hell)
  A golden dragon simulacrum (IceCv)
  A queen ant zombie (Crypt:1)
  9 hydra zombies
  A queen bee (Lair:3)
  4 trolls
  A spark wasp simulacrum (Depths:4)
  3 harpy zombies
  3 silent spectres
  19 red devils
  A troll (shapeshifter) (Vaults:5)
  3 harpy skeletons
  A polar bear (shapeshifter) (Elf:2)
  3 tyrant leeches (Lair:6)
  5 wind drakes
  21 merfolk
  114 slime creatures
  A wind drake (shapeshifter) (Vaults:1)
  2 polar bears
  7 ettin zombies
  7 snapping turtles
  5 hornets
  A blink frog (shapeshifter) (Vaults:2)
  23 blink frogs
  4 alligator zombies
  5 bog bodies (Crypt:2)
  5 fire dragon zombies
  A meliai zombie (Gauntlet)
  2 human simulacra
  A frost giant simulacrum (Vaults:1)
  13 hippogriffs
  A deep troll zombie (Hell)
  6 air elementals
  A hydra skeleton (Crypt:3)
  4 ice dragon zombies
  5 redbacks
  94 flying skulls
  3 alligator skeletons
  5 ice dragon skeletons
  15 water elementals
  3 black mamba zombies
  19 shadows
  2 tarantellas (shapeshifter)
  3 dire elephant simulacra
  An ettin skeleton (Crypt:2)
  36 yaks
  A redback (shapeshifter) (Vaults:5)
  3 fire bats (Lair:5)
  A fire dragon skeleton (Tar:4)
  15 fire elementals
  A tarantella (Vaults:4)
  4 wyverns
  A human (shapeshifter) (Vaults:1)
  6 vampire mosquitoes
  A chaos spawn (Depths:3)
  A yak (shapeshifter) (D:15)
  18 humans (D:14)
  12 golden eyes
  2 basilisks
  2 hungry ghosts
  A steam dragon (shapeshifter) (Vaults:5)
  18 wraiths
  A harpy simulacrum (IceCv)
  6 wargs
  Edmund (D:4)
  An iron troll simulacrum (IceCv)
  A neqoxec (Depths:3)
  2 spiny frog zombies
  5 acid dragons
  46 nagas
  A water nymph zombie (Crypt:2)
  Duvessa (D:7)
  A hydra simulacrum (IceCv)
  2 floating eyes
  4 porcupines
  55 hell hounds
  21 water moccasins
  7 spiny frog skeletons
  6 ice beasts
  An ice beast (shapeshifter) (Vaults:2)
  4 ettin simulacra
  14 eyes of draining
  69 orc warriors
  27 necrophages
  A manticore zombie (Tar:7)
  2 sky beasts
  A swamp dragon zombie (Geh:4)
  2 elf zombies
  3 snapping turtle zombies
  3 black bears
  6 phantoms
  12 wolves
  16 boggarts
  22 centaurs
  A lindwurm skeleton (Crypt:1)
  35 ogres
  4 swamp dragon skeletons
  A torpor snail zombie (Crypt:2)
  A manticore skeleton (Crypt:3)
  10 crocodiles
  2 big kobolds
  2 snapping turtle skeletons
  29 bullfrogs
  A bullfrog (shapeshifter) (Depths:3)
  3 earth elementals
  Dowan (D:7)
  A wyvern skeleton (D:13)
  2 scorpions (shapeshifter) (Depths:4)
  4 scorpions
  A polar bear zombie (Crypt:2)
  2 water moccasin skeletons
  A snapping turtle simulacrum (Crypt:2)
  A troll zombie (Tar:6)
  39 killer bees
  A killer bee (shapeshifter) (Depths:3)
  A raiju skeleton (Crypt:2)
  3 electric eels
  3 howler monkeys
  A yak skeleton (Crypt:1)
  A troll skeleton (Geh:1)
  43 wights
  A spriggan skeleton (Crypt:2)
  2 bullfrog zombies (D:7)
  10 crimson imps
  4 centaur zombies
  46 orc priests
  9 human zombies
  A jelly (D:5)
  7 hounds
  16 iron imps
  A gnoll shaman (D:9)
  Jessica (D:3)
  5 bullfrog skeletons
  3 iguanas
  34 orc wizards
  10 worker ants
  7 hell rats (Hell)
  5 lightning spires (Zot:3)
  A naga zombie (Crypt:2)
  A dwarf skeleton (Crypt:1)
  A crocodile skeleton (Crypt:1)
  6 mummies
  Robin (D:5)
  21 gnolls
  22 adders
  2 river rats (Lair:3)
  19 shadow imps
  2 adder zombies (D:8)
  A halfling zombie (Crypt:2)
  An adder skeleton (D:5)
  A halfling skeleton (Crypt:2)
  5 worms
  11 leopard geckos
  145 orcs
  9 ball pythons
  13 giant cockroaches
  16 goblins
  14 hobgoblins
  8 jackals
  3 quokkas
  12 bats
  2 frilled lizards
  A giant cockroach zombie (D:5)
  A hobgoblin skeleton (Crypt:1)
  A jackal zombie (D:5)
  33 kobolds
  A kobold skeleton (Tar:7)
  A kobold zombie (Geh:5)
  A leopard gecko skeleton (D:9)
  A leopard gecko zombie (D:7)
  2 orc zombies
  A quokka skeleton (D:10)
  4 rats
  A butterfly (Lair:1)
  5 tentacles
  2 toadstools (D:1)
3785 creatures vanquished.

Vanquished Creatures (collateral kills)
  2 Tzitzimimeh (Tar:7)
  2 Brimstone Fiends
  A doom hound (Tar:7)
  A Hell Sentinel (Dis:7)
  An Executioner (Dis:7)
  3 shadow dragons (Tar:7)
  A fire giant (Geh:7)
  A cacodemon (Dis:7)
  An iron dragon (Dis:7)
  2 balrugs (Geh:7)
  3 reapers
  2 war gargoyles (Dis:7)
  A vampire knight (Dis:7)
  2 quicksilver dragon zombies
  A quicksilver dragon skeleton (Geh:7)
  A hell hog (Geh:5)
  2 dancing weapons (Dis:7)
  A titan zombie (Geh:5)
  2 sun demons (Geh:7)
  12 hell knights
  A titan skeleton (Geh:5)
  A storm dragon skeleton (Geh:7)
  A skeletal warrior (Dis:7)
  3 flayed ghosts
  An anaconda zombie (Dis:7)
  3 shadow demons (Tar:7)
  A phantasmal warrior (Geh:5)
  2 anaconda skeletons
  2 necromancers
  An iron dragon zombie (Geh:5)
  2 fire giant zombies
  A stone giant zombie (Dis:7)
  5 rust devils (Dis:7)
  A stone giant skeleton (Geh:6)
  An iron dragon skeleton (Geh:7)
  A molten gargoyle (Geh:7)
  2 fire giant skeletons
  An elephant (Lair:6)
  A spiny frog (Lair:6)
  3 hellions
  7 tormentors
  2 efreet (Geh:7)
  4 red devils
  An ice devil (Dis:7)
  A hydra skeleton (Geh:5)
  2 ettin zombies
  A fire dragon zombie (Dis:7)
  An ice dragon zombie (Geh:6)
  8 flying skulls
  4 wraiths
  An ice dragon skeleton (Geh:5)
  4 fire elementals
  3 yaks (Lair:6)
  A vampire mosquito (Lair:6)
  A hell hound (Geh:5)
  A spiny frog skeleton (Geh:7)
  A phantom (Geh:5)
  4 wights
  4 iron imps (Dis:7)
  A tengu zombie (Dis:7)
128 creatures vanquished.

Vanquished Creatures (others)
  Boris (Vaults:2)
  A bone dragon (Dis:7)
  2 Brimstone Fiends
  2 Tzitzimimeh (Tar:7)
  3 Hell Sentinels (Dis:7)
  An Ice Fiend (Dis:7)
  2 liches (Tar:7)
  2 Executioners (Dis:7)
  2 ancient champions (Dis:7)
  4 shadow dragons (Tar:7)
  2 fire giants (Geh:7)
  A draconian knight (Zot:2)
  An iron dragon (Dis:7)
  A draconian shifter (Zot:3)
  A balrug (Dis:7)
  An ironheart preserver (Vaults:1)
  5 war gargoyles (Dis:7)
  6 reapers
  A black draconian (Zot:2)
  A vampire knight (Tar:7)
  A red draconian (Zot:1)
  A white draconian (Zot:4)
  45 dancing weapons
  7 hell hogs
  2 titan zombies
  A shock serpent (Zot:3)
  4 soul eaters (Tar:7)
  17 hell knights
  7 shadow wraiths
  3 skeletal warriors (Tar:7)
  A shadow demon (Tar:7)
  An anaconda zombie (Geh:7)
  An iron dragon zombie (Dis:7)
  5 necromancers
  4 rust devils (Dis:7)
  A molten gargoyle (Geh:7)
  7 smoke demons (Geh:7)
  A hellion (Dis:7)
  2 freezing wraiths (Tar:7)
  A red devil (Geh:7)
  4 tormentors
  A hydra skeleton (Geh:5)
  An ettin zombie (Tar:7)
  A water elemental (Depths:2)
  10 flying skulls (Geh:7)
  An ettin skeleton (Geh:5)
  3 wraiths
  5 fire elementals
  A spiny frog zombie (Dis:7)
  A hell hound (Tar:7)
  A necrophage (Tar:7)
  A boggart (Depths:3)
  4 wights
  An orc wizard (Vaults:4)
  2 iron imps (Dis:7)
  A shadow imp (Tar:7)
  5 ball lightnings (Zot:3)
  A bush (Depths:4)
  13 fire vortices (Geh:7)
  6 fungi
  60 plants
  A spectral weapon (Geh:7)
  17 tentacles
  2 toadstools (D:1)
  2 withered plants (Snake:1)
297 creatures vanquished.

Grand Total: 4210 creatures vanquished

Notes
Turn   | Place    | Note
-------+----------+-------------------------------------------
     0 | D:1      | mayonnaise the Mummy Fighter began the quest for the Orb.
     0 | D:1      | Reached XP level 1. HP: 18/18 MP: 1/1
   259 | D:1      | Reached XP level 2. HP: 24/24 MP: 2/2
   752 | D:1      | Reached XP level 3. HP: 29/29 MP: 3/3
  1262 | D:2      | You fall into a shaft and drop 1 floor!
  1280 | D:3      | Reached XP level 4. HP: 25/35 MP: 4/4
  1412 | D:3      | Found a glowing drain.
  1421 | Sewer    | Entered a sewer
  1470 | Sewer    | Reached XP level 5. HP: 20/41 MP: 5/5
  1858 | Sewer    | Reached XP level 6. HP: 36/50 MP: 6/6
  2243 | D:3      | Reached skill level 5 in Fighting
  2373 | D:3      | Noticed Jessica
  2402 | D:3      | Killed Jessica
  3397 | D:4      | Found a staircase to the Ecumenical Temple.
  3399 | D:4      | Noticed Robin
  3400 | D:4      | You fall into a shaft and drop 1 floor!
  3400 | D:5      | Entered Level 5 of the Dungeon
  3445 | D:5      | Reached skill level 1 in Throwing
  3567 | D:5      | Reached XP level 7. HP: 56/56 MP: 7/7
  3588 | D:5      | Noticed lun's ghost (novice DDFi)
  3589 | D:5      | Found a runed translucent gate.
  3730 | D:5      | Killed Robin
  3798 | Temple   | Entered the Ecumenical Temple
  3808 | Temple   | Became a worshipper of Gozag Ym Sagoz the Greedy
  4141 | D:4      | Noticed Edmund
  4158 | D:4      | Killed Edmund
  4158 | D:4      | Reached skill level 5 in Maces & Flails
  4448 | D:4      | Found an iron altar of Okawaru.
  4600 | D:5      | Noticed a wraith
  4619 | D:4      | Killed a wraith
  4802 | D:5      | Reached XP level 8. HP: 51/62 MP: 8/8
  5492 | D:5      | Found a runed translucent gate.
  5493 | D:5      | Found a runed translucent gate.
  6610 | D:6      | Found Paetus's General Store.
  6645 | D:6      | Bought a scroll of magic mapping for 38 gold pieces
  6645 | D:6      | Bought a +3 scale mail of fire resistance for 286 gold
                  | pieces
  6839 | D:7      | Found a glowing golden altar of the Shining One.
  7079 | D:7      | Found an iron altar of Okawaru.
  7115 | D:7      | Reached XP level 9. HP: 62/68 MP: 9/9
  7460 | D:7      | Noticed Duvessa
  7470 | D:7      | Noticed Dowan
  7475 | D:7      | Killed Duvessa
  7500 | D:7      | Killed Dowan
  8234 | D:8      | Reached skill level 5 in Shields
  8379 | D:8      | Noticed a two-headed ogre
  8584 | D:8      | Found Lualonk's Jewellery Shop.
  8621 | D:8      | Killed a two-headed ogre
  9203 | D:8      | Found a staircase to the Lair.
  9399 | D:8      | Found a runed translucent gate.
  9414 | D:8      | Found a sacrificial altar of Ru.
  9546 | D:8      | Found a runed translucent gate.
  9546 | D:8      | Found a runed translucent gate.
  9546 | D:8      | Found an opulent altar of Gozag.
  9547 | D:8      | Noticed a yaktaur captain
  9547 | D:8      | Noticed Edgeworth's ghost (novice HOFi)
  9870 | D:9      | Reached XP level 10. HP: 72/79 MP: 10/10
 10427 | D:9      | Noticed Erolcha
 10481 | D:8      | Bought an uncursed ring of see invisible for 210 gold
                  | pieces
 10738 | D:9      | Found an ancient bone altar of Kikubaaqudgha.
 10751 | D:9      | Killed Erolcha
 10934 | D:9      | Found Bubev's Magic Scroll Emporium.
 11171 | D:9      | Found a staircase to the Orcish Mines.
 11489 | D:9      | Noticed a two-headed ogre
 11692 | D:9      | Killed a two-headed ogre
 11692 | D:9      | Reached XP level 11. HP: 64/84 MP: 11/11
 11968 | D:10     | Entered Level 10 of the Dungeon
 12518 | D:10     | Identified the Incunabulum of Beguiling
 12922 | D:11     | Identified Kyfreoq's Tome of Scorching Contamination
 12959 | D:11     | Noticed a two-headed ogre
 13043 | D:11     | Killed a two-headed ogre
 13054 | D:11     | Noticed a tengu warrior
 13391 | D:11     | Reached skill level 10 in Maces & Flails
 13400 | D:11     | Reached skill level 1 in Evocations
 13553 | D:11     | Found a shimmering altar of Xom.
 13980 | D:11     | Killed a tengu warrior
 14096 | D:9      | Bought a scroll of enchant weapon for 75 gold pieces
 14196 | D:12     | Noticed a deep elf mage
 14196 | D:12     | Noticed a seven-headed hydra
 14209 | D:12     | Killed a seven-headed hydra
 14209 | D:12     | Reached skill level 5 in Evocations
 14217 | D:12     | Killed a deep elf mage
 14548 | D:12     | Noticed a brown ugly thing
 14556 | D:12     | Reached XP level 12. HP: 89/91 MP: 16/16
 14806 | D:12     | Noticed a two-headed ogre
 14812 | D:12     | Killed a two-headed ogre
 15065 | Orc:1    | Entered Level 1 of the Orcish Mines
 15268 | Orc:1    | Found Wirukh's Assorted Antiques.
 15325 | Orc:2    | Entered Level 2 of the Orcish Mines
 15761 | Orc:2    | Found a staircase to the Elven Halls.
 16208 | Orc:2    | Noticed an orc high priest
 16225 | Orc:2    | Killed an orc high priest
 16242 | Orc:2    | Noticed an orc high priest
 16510 | Orc:2    | Killed an orc high priest
 16596 | Orc:2    | Noticed an orc high priest
 16611 | Orc:2    | Killed an orc high priest
 16666 | Orc:2    | Noticed an orc warlord
 16779 | Orc:1    | Killed an orc warlord
 16927 | Orc:2    | Paralysed by an orc sorcerer for 2 turns
 16934 | Orc:2    | Gained mutation: You are in touch with the powers of death.
                  | [Mummy growth]
 16934 | Orc:2    | Reached XP level 13. HP: 72/99 MP: 18/18
 17238 | Orc:2    | Found Vijozob's Antique Armour Shoppe.
 17239 | Orc:2    | Found Suetuell's Antique Weapon Shoppe.
 17240 | Orc:2    | Found Motaigh's General Store.
 17240 | Orc:2    | Found Roig's Jewellery Emporium.
 17256 | Orc:2    | Bought a pair of glowing boots for 225 gold pieces
 17256 | Orc:2    | Bought a faintly humming scale mail for 270 gold pieces
 17277 | Orc:2    | Identified the cursed +1 scale mail "Xukhapn" {rF+ MR+
                  | Int-5} (You bought it in a shop on level 2 of the Orcish
                  | Mines)
 17435 | Orc:1    | Reached skill level 5 in Armour
 17770 | Orc:2    | Bought a +6 ring of strength for 819 gold pieces
 17901 | Lair:1   | Entered Level 1 of the Lair of Beasts
 19213 | Lair:2   | Found a staircase to the Shoals.
 19359 | Lair:2   | Found a staircase to the Snake Pit.
 19791 | Lair:3   | Reached skill level 10 in Shields
 21377 | Lair:4   | Got a transparent amber ring
 21385 | Lair:4   | Identified the ring of Beogh's Righteous Fury {rElec MP+9}
                  | (You found it on level 4 of the Lair of Beasts)
 21663 | Lair:5   | Found a runed translucent door.
 21665 | Lair:5   | Noticed peterlawrence's ghost (journeyman MiFi)
 21677 | Lair:5   | Reached XP level 14. HP: 108/108 MP: 19/19
 21707 | Lair:5   | Killed peterlawrence's ghost
 21716 | Lair:5   | Got a slimy silver ring
 21780 | Lair:5   | Identified the ring "Xoorhi" {rF+ rC+ Int+2 Dex+6 Slay+2}
                  | (You found it on level 5 of the Lair of Beasts)
 22209 | Lair:5   | Found a staircase to the Slime Pits.
 22514 | Lair:5   | Got a pair of warped boots
 22525 | Lair:5   | Identified the +4 pair of boots of Polish {Harm} (You found
                  | it on level 5 of the Lair of Beasts)
 22542 | Lair:6   | Entered Level 6 of the Lair of Beasts
 22978 | Lair:6   | Noticed Nessos
 23021 | Lair:6   | Killed Nessos
 25037 | D:13     | Reached skill level 10 in Armour
 25057 | D:13     | Found a basalt altar of Yredelemnul.
 25174 | D:14     | Reached XP level 15. HP: 114/114 MP: 20/20
 25179 | D:14     | Found a flagged portal.
 25181 | D:14     | Found Bitoimm's Distillery.
 25241 | Bailey   | Entered a bailey
 25764 | D:14     | Reached skill level 10 in Fighting
 25996 | D:14     | Identified a scroll of acquirement
 26517 | D:14     | Found a gate to the Vaults.
 26730 | D:14     | Bought a transparent war axe for 246 gold pieces
 26730 | D:14     | Identified the cursed +1 war axe of Asma Dou {drain, rPois}
                  | (You bought it in a shop on level 14 of the Dungeon)
 26736 | D:14     | Bought twisted fire dragon scales for 2080 gold pieces
 26736 | D:14     | Bought a pair of runed gloves for 240 gold pieces
 26736 | D:14     | Identified the +12 fire dragon scales of Grace {+Fly rF++
                  | rC- Int+4 Stlth+} (You bought it in a shop on level 14 of
                  | the Dungeon)
 26951 | Snake:1  | Entered Level 1 of the Snake Pit
 27219 | Snake:1  | Found a runed translucent door.
 27228 | Snake:1  | Noticed Froggeryz's ghost (journeyman FeMo)
 27674 | Snake:1  | You fall into a shaft and drop 1 floor!
 27674 | Snake:2  | Noticed a nagaraja
 27682 | Snake:2  | Noticed a nagaraja
 27687 | Snake:2  | Killed a nagaraja
 27705 | Snake:2  | Killed a nagaraja
 27832 | Snake:2  | Found a frozen archway.
 27863 | IceCv    | Entered an ice cave
 28330 | IceCv    | Reached skill level 10 in Evocations
 28892 | IceCv    | Noticed an Ice Fiend
 28909 | IceCv    | Killed an Ice Fiend
 29467 | Snake:2  | Noticed Vashnia
 30644 | Snake:2  | Reached skill level 1 in Dodging
 30665 | Snake:2  | Reached XP level 16. HP: 123/125 MP: 23/23
 30800 | Snake:2  | Killed Vashnia
 31089 | Snake:2  | Reached skill level 5 in Dodging
 32185 | Snake:3  | Noticed Aizul
 32614 | Snake:2  | Killed Aizul
 33966 | Snake:4  | Entered Level 4 of the Snake Pit
 34271 | Snake:4  | Found a runed translucent door.
 34271 | Snake:4  | Found a shimmering altar of Xom.
 34271 | Snake:4  | Noticed Zoimialu's ghost (adept OpWz)
 34327 | Snake:4  | Reached XP level 17. HP: 80/137 MP: 14/24
 34431 | Snake:4  | Reached skill level 5 in Throwing
 34980 | Snake:4  | Got a pair of warped boots
 35111 | Snake:4  | Reached skill level 15 in Shields
 35183 | Snake:4  | Got a serpentine rune of Zot
 35276 | Snake:4  | Identified the +0 pair of boots "Quon" {Regen+} (You found
                  | it on level 4 of the Snake Pit)
 35288 | Snake:4  | Bought a runed tower shield for 210 gold pieces
 35288 | Snake:4  | Bought a pair of embroidered gloves for 210 gold pieces
 35288 | Snake:4  | Bought an embroidered cloak for 210 gold pieces
 35327 | Snake:4  | Bought a runed cloak for 210 gold pieces
 35586 | Elf:1    | Entered Level 1 of the Elven Halls
 36026 | Elf:1    | Learned a level 2 spell: Song of Slaying
 36030 | Elf:1    | Learned a level 3 spell: Spectral Weapon
 36034 | Elf:1    | Reached skill level 1 in Spellcasting
 36455 | Elf:1    | Reached skill level 5 in Spellcasting
 37016 | Elf:1    | Reached XP level 18. HP: 143/143 MP: 28/28
 37257 | Elf:2    | Reached skill level 1 in Hexes
 37310 | Elf:2    | Reached skill level 1 in Charms
 37569 | Elf:2    | Found a huge runed translucent gate.
 37570 | Elf:2    | Found a huge runed translucent gate.
 37571 | Elf:2    | Found a huge runed translucent gate.
 37572 | Elf:2    | Found a huge runed translucent gate.
 37572 | Elf:2    | Found a huge runed translucent gate.
 37615 | Elf:2    | Found Bukkoc's General Store.
 37621 | Elf:2    | Found Goadeohy's Assorted Antiques.
 37638 | Elf:2    | Bought a scroll of enchant weapon for 150 gold pieces
 39023 | Elf:3    | Entered Level 3 of the Elven Halls
 39656 | Elf:3    | Noticed an Ice Fiend
 40070 | Elf:3    | Identified the ring of Rolumn Immua {MR+ Stlth+}
 40427 | Elf:3    | Noticed a Hell Sentinel
 40483 | Elf:3    | Identified the +6 quarterstaff "Grim Tooth" {vorpal, +Fly
                  | rPois Int-3}
 40743 | Elf:3    | Identified the +5 quarterstaff "Poiddyol" {vamp, *Noise
                  | +Rage rElec Dex-2}
 41099 | Elf:3    | Identified the cursed +0 chain mail of Tortured Life {MR++
                  | MP-9 Int+3}
 41280 | Elf:3    | Reached XP level 19. HP: 142/149 MP: 30/30
 41544 | Elf:3    | Got a fine chain mail
 41720 | Elf:3    | Identified the +2 chain mail of Agnosticism {Str+4 Int-5
                  | Slay+5} (You found it on level 3 of the Elven Halls)
 41972 | Shoals:1 | Entered Level 1 of the Shoals
 42614 | Shoals:1 | Reached skill level 5 in Hexes
 44518 | Shoals:4 | Entered Level 4 of the Shoals
 45245 | Shoals:4 | Learned a level 2 spell: Blink
 45251 | Shoals:4 | Learned a level 5 spell: Silence
 45508 | Shoals:4 | Reached skill level 15 in Fighting
 45589 | Shoals:4 | Got a wavering brass ring
 45590 | Shoals:4 | Identified the ring "Gobu" {rPois MR+ Int+3 Dex+4} (You
                  | found it on level 4 of the Shoals)
 45826 | Shoals:4 | Got a steaming bone ring
 46089 | Shoals:4 | Got a barnacled rune of Zot
 46397 | Lair:2   | Identified the ring of Greed {rCorr Dex+4 Stlth+} (You
                  | found it on level 4 of the Shoals)
 46613 | Vaults:1 | Entered Level 1 of the Vaults
 46765 | Vaults:1 | Found a runed translucent door.
 46765 | Vaults:1 | Noticed Switch's ghost (veteran DDFi)
 46919 | Vaults:1 | Found a flickering gateway to a bazaar.
 47015 | Bazaar   | Entered a bazaar
 47015 | Bazaar   | Found Otzufy's Assorted Antiques.
 47015 | Bazaar   | Found Xaneiqos's Antique Armour Emporium.
 47015 | Bazaar   | Found Iqodel's Food Emporium.
 47015 | Bazaar   | Found Qafrupt's Weapon Shoppe.
 47125 | Bazaar   | Bought a hardcover book for 240 gold pieces
 47646 | Vaults:1 | Noticed Saint Roka
 47680 | Vaults:2 | Reached XP level 20. HP: 88/168 MP: 31/31
 47902 | Vaults:2 | Noticed Boris
 47940 | Vaults:2 | Killed Boris
 47940 | Vaults:2 | Reached skill level 1 in Translocations
 47940 | Vaults:2 | Reached skill level 1 in Air Magic
 48099 | Vaults:2 | Found a staircase to the Crypt.
 48099 | Vaults:2 | Noticed a bone dragon
 48133 | Vaults:2 | Killed a bone dragon
 48884 | Vaults:2 | Noticed Margery
 48888 | Vaults:2 | Reached skill level 15 in Maces & Flails
 48903 | Vaults:2 | Killed Margery
 49918 | Vaults:2 | Found an ornate altar of the Wu Jian Council.
 50013 | Vaults:1 | Killed Saint Roka
 51269 | Vaults:1 | Killed Switch's ghost
 52033 | Elf:2    | Bought a scroll of immolation for 70 gold pieces
 52337 | Vaults:3 | Noticed Frederick
 52357 | Vaults:3 | Killed Frederick
 52357 | Vaults:3 | Reached XP level 21. HP: 124/174 MP: 32/32
 52771 | Vaults:3 | Found Gatopoan's Food Emporium.
 54348 | Vaults:4 | Reached skill level 15 in Armour
 56235 | Vaults:5 | Entered Level 5 of the Vaults
 56248 | Vaults:5 | Reached XP level 22. HP: 134/182 MP: 33/33
 56494 | Vaults:5 | Identified the cursed +3 fustibalus of a Labyrinth {flame,
                  | rC+}
 56534 | Vaults:5 | Noticed an ancient lich
 56538 | Vaults:5 | Identified the +3 ring mail of Grottiness {+Inv Str+4
                  | Stlth+}
 56549 | Vaults:5 | Reached skill level 10 in Throwing
 57246 | Vaults:5 | Upgraded the game from 0.25-b1-50-g7b83aa72e5 to 0.25.0
 57923 | Vaults:5 | Killed an ancient lich
 58007 | Vaults:5 | Noticed a golden dragon
 58015 | Vaults:5 | Killed a golden dragon
 58116 | Vaults:5 | Noticed a golden dragon
 58126 | Vaults:5 | Killed a golden dragon
 58126 | Vaults:5 | Reached XP level 23. HP: 167/188 MP: 34/34
 58388 | Vaults:5 | Got a silver rune of Zot
 58448 | Vaults:5 | Found Moameih's Magic Scroll Emporium.
 58448 | Vaults:5 | Found Nogh's Food Boutique.
 58462 | Vaults:5 | Found Risac's Food Shoppe.
 58470 | Vaults:5 | Bought a scroll of summoning for 123 gold pieces
 58470 | Vaults:5 | Bought a scroll of blinking for 97 gold pieces
 58491 | Vaults:5 | Found Zuid's Distillery.
 58502 | Vaults:5 | Found Ahuuts's Distillery.
 58502 | Vaults:5 | Found Baranus's Distillery.
 59161 | Vaults:5 | Got an ichor-stained chain mail
 59204 | Vaults:5 | Found Mapham's Magic Scroll Shoppe.
 59204 | Vaults:5 | Found Qyotaocviz's Magic Scroll Boutique.
 59208 | Vaults:5 | Bought a scroll of torment for 105 gold pieces
 59208 | Vaults:5 | Bought a scroll of blinking for 105 gold pieces
 59215 | Vaults:5 | Bought a scroll of blinking for 150 gold pieces
 59215 | Vaults:5 | Bought a scroll of enchant armour for 150 gold pieces
 59215 | Vaults:5 | Bought a scroll of enchant armour for 150 gold pieces
 59265 | Vaults:5 | Got a jewelled cloak
 59268 | Vaults:5 | Identified the +0 cloak "Rick" {Dex+4} (You found it on
                  | level 5 of the Vaults)
 59269 | Vaults:5 | Identified the +5 chain mail of Purpose {Int+7} (You found
                  | it on level 5 of the Vaults)
 59485 | Crypt:1  | Entered Level 1 of the Crypt
 60679 | Crypt:2  | Noticed Mennas
 60729 | Crypt:2  | Killed Mennas
 61082 | Crypt:2  | Noticed Khufu
 61082 | Crypt:2  | Noticed a greater mummy
 61082 | Crypt:2  | Noticed a greater mummy
 61096 | Crypt:2  | Killed a greater mummy
 61103 | Crypt:2  | Killed Khufu
 61122 | Crypt:2  | Killed a greater mummy
 61409 | Crypt:2  | Noticed Xtahua
 61423 | Crypt:2  | Killed Xtahua
 61586 | Crypt:3  | Entered Level 3 of the Crypt
 61643 | Crypt:3  | Reached XP level 24. HP: 155/195 MP: 34/34
 62013 | Crypt:3  | Got a pitted platinum ring
 62013 | Crypt:3  | Got a scorched ivory ring
 62049 | Crypt:3  | Noticed Bai Suzhen
 62059 | Crypt:3  | Killed Bai Suzhen
 62139 | Crypt:3  | Cast into level 2 of the Abyss (hell knight)
 62226 | Crypt:3  | Escaped the Abyss
 62314 | Crypt:3  | Noticed an ancient lich
 62318 | Crypt:3  | Killed an ancient lich
 62556 | Crypt:3  | Found a staircase to the Tomb.
 62809 | Crypt:3  | Found an ancient bone altar of Kikubaaqudgha.
 62847 | Crypt:3  | Found the +4 dagger "Morg" {pain, MR+ Int+5}
 62981 | Crypt:3  | Identified the ring "Damnable Contraption" {rF- rN+ Int+4
                  | SInv} (You found it on level 3 of the Crypt)
 62982 | Crypt:3  | Identified the ring "Wukues" {rF+ rN+ MR+ Dex+4} (You found
                  | it on level 3 of the Crypt)
 63367 | Slime:1  | Entered Level 1 of the Pits of Slime
 67491 | Slime:5  | Entered Level 5 of the Pits of Slime
 67921 | D:15     | Entered Level 15 of the Dungeon
 68012 | D:15     | Found Aneff's Book Boutique.
 68045 | D:15     | Found a gate leading to a gauntlet.
 68052 | Gauntlet | Entered a Gauntlet
 68052 | Gauntlet | Found a transporter.
 68055 | Gauntlet | Found a transporter.
 68057 | Gauntlet | Found a transporter.
 68059 | Gauntlet | Found a transporter.
 68061 | Gauntlet | Found a transporter.
 68069 | Gauntlet | Found a transporter.
 68071 | Gauntlet | Found a transporter.
 68071 | Gauntlet | Found a transporter.
 68104 | Gauntlet | Found a transporter.
 68104 | Gauntlet | Found a transporter.
 68107 | Gauntlet | Found a transporter.
 68147 | Gauntlet | Reached XP level 25. HP: 201/201 MP: 34/34
 68161 | Gauntlet | Got a scorched pewter ring
 68213 | Gauntlet | Got a pair of steaming gloves
 68274 | Gauntlet | Identified the ring "Misypn" {rElec rN+ MR- Str+6 Int+5}
                  | (You found it in a Gauntlet)
 68276 | Gauntlet | Identified the +3 pair of gloves "Tubbirhi" {rC+ rN+} (You
                  | found it in a Gauntlet)
 68336 | D:15     | Found an opulent altar of Gozag.
 68620 | D:15     | Found a staircase to the Depths.
 68977 | D:15     | Found a runed translucent gate.
 68977 | D:15     | Found a runed translucent gate.
 68977 | D:15     | Found a runed translucent gate.
 69020 | D:15     | Found a runed translucent gate.
 69020 | D:15     | Found a runed translucent gate.
 69025 | D:15     | Noticed Doot's ghost (journeyman DEFE)
 69028 | D:15     | Found a runed translucent gate.
 69257 | Depths:1 | Entered Level 1 of the Depths
 70554 | Depths:1 | Found a gateway to Hell.
 71013 | Slime:5  | Found a viscous altar of Jiyva.
 71024 | Slime:5  | Noticed the Royal Jelly
 71075 | Slime:5  | Killed the Royal Jelly
 71875 | Slime:5  | Found the ring of the Mage {Wiz MR++ Int+3}
 71908 | Slime:5  | Got a slimy rune of Zot
 73000 | Depths:2 | Found a one-way gate to the infinite horrors of the Abyss.
 73519 | Depths:2 | Identified the +0 pair of gloves of Masm {rElec rF+}
 73519 | Depths:2 | Noticed Nikola
 73534 | Depths:2 | Killed Nikola
 73760 | Depths:2 | Found a runed translucent door.
 73839 | Depths:2 | Found a runed translucent door.
 73965 | Depths:3 | Found a transporter.
 73979 | Depths:3 | Gained mutation: You are strongly in touch with the powers
                  | of death. [Mummy growth]
 73979 | Depths:3 | Reached XP level 26. HP: 209/209 MP: 34/34
 74004 | Depths:3 | Found a transporter.
 74214 | Depths:3 | Found a one-way gate leading to the halls of Pandemonium.
 74425 | Depths:3 | Found a white marble altar of Elyvilon.
 75141 | Depths:3 | Got a steaming glass ring
 75154 | Depths:3 | Identified the ring "Heoj Ynwaopp" {Str+3 Dex+6} (You found
                  | it on level 3 of the Depths)
 75622 | Depths:4 | Bought a scroll of magic mapping for 122 gold pieces
 75758 | Depths:4 | Learned a level 6 spell: Invisibility
 76454 | Depths:4 | Identified the Compendium of Displacement
 76710 | Depths:1 | Learned a level 5 spell: Borgnjor's Vile Clutch
 76793 | Depths:5 | Entered Level 5 of the Depths
 76827 | Depths:5 | Reached skill level 1 in Necromancy
 76930 | Depths:5 | Found a glowing golden altar of the Shining One.
 77086 | Depths:5 | Found Rukkeib's General Store.
 77095 | Depths:5 | Found Huodghop's Weapon Boutique.
 77098 | Depths:5 | Bought a scroll of summoning for 199 gold pieces
 77130 | Depths:5 | Reached skill level 5 in Necromancy
 77267 | Depths:5 | Found Qeucuot's Food Shop.
 77386 | Depths:5 | Noticed Sojobo
 77403 | Depths:5 | Killed Sojobo
 77403 | Depths:5 | Reached XP level 27. HP: 112/226 MP: 34/34
 77651 | Depths:5 | Found a gate to the Realm of Zot.
 77817 | Depths:5 | Found a gateway to a ziggurat.
 78338 | Zot:1    | Entered Level 1 of the Realm of Zot
 78501 | Zot:1    | Learned a level 4 spell: Passage of Golubria
 78505 | Zot:1    | Learned a level 3 spell: Lesser Beckoning
 78699 | Zot:1    | Reached skill level 10 in Hexes
 78990 | Zot:1    | Noticed an orb of fire
 79010 | Zot:1    | Killed an orb of fire
 79059 | Zot:1    | Reached skill level 10 in Spellcasting
 80034 | Zot:2    | Reached skill level 5 in Translocations
 81993 | Zot:3    | Reached skill level 10 in Necromancy
 83272 | Zot:3    | Got a slimy lead ring
 83273 | Zot:3    | Identified the cursed ring of Tataat Moism {rPois rC+ MR-
                  | Str+3 Int-4} (You found it on level 3 of the Realm of Zot)
 83457 | Zot:3    | Reached skill level 1 in Fire Magic
 83748 | Zot:4    | Noticed a juggernaut
 83978 | Zot:3    | Bought a scroll of blinking for 90 gold pieces
 83978 | Zot:3    | Bought a scroll of blinking for 90 gold pieces
 83989 | Zot:4    | Reached skill level 10 in Dodging
 83996 | Zot:3    | Killed a juggernaut
 85836 | Hell     | Entered the Vestibule of Hell
 85836 | Hell     | Noticed Geryon
 85863 | Hell     | Noticed Murray
 85910 | Hell     | Killed Murray
 85939 | Hell     | Killed Geryon
 86076 | Hell     | Found a gateway to the freezing wastes of Cocytus.
 86272 | Hell     | Found a gateway to the Iron City of Dis.
 86300 | Hell     | Found a gateway to the ashen valley of Gehenna.
 86416 | Hell     | Found a gateway to the decaying netherworld of Tartarus.
 86795 | Hell     | Bought a scroll of blinking for 180 gold pieces
 86828 | Dis:1    | Entered Level 1 of the Iron City of Dis
 87010 | Dis:1    | You fall into a shaft and drop 1 floor!
 88320 | Dis:7    | Entered Level 7 of the Iron City of Dis
 88668 | Dis:7    | Identified the Papyrus of Supportive Conjuration
 88925 | Dis:7    | Learned a level 3 spell: Recall
 89255 | Dis:7    | Identified the ring of Widghenie {rC+++ MR- Dex-5 SInv
                  | Stlth-}
 89298 | Dis:7    | Identified the +4 staff of Dispater
 89298 | Dis:7    | Noticed Dispater
 90333 | Dis:7    | Killed Dispater
 90951 | Dis:7    | Identified the Almanac of Attacks
 90956 | Dis:7    | Got an iron rune of Zot
 91431 | Tar:1    | Entered Level 1 of Tartarus
 93513 | Tar:7    | Entered Level 7 of Tartarus
 95027 | Tar:7    | Noticed the Serpent of Hell
 95059 | Tar:7    | Killed the Serpent of Hell
 95085 | Tar:7    | Noticed Ereshkigal
 95506 | Tar:7    | Got a translucent lapis lazuli ring
 95507 | Tar:7    | Identified the ring "Ibbi" {rF+ Str+2 Int+8 Stlth-} (You
                  | found it on level 7 of Tartarus)
 95565 | Tar:7    | Noticed an ancient lich
 95570 | Tar:7    | Killed Ereshkigal
 95639 | Tar:7    | Got a bone rune of Zot
 95658 | Tar:7    | Noticed an ancient lich
 95818 | Tar:7    | Got a brightly glowing great sword
 95876 | Tar:7    | Found the brooch of Shielding {Spirit SH+8}
 96513 | Hell     | Identified the +11 great sword "Zoiceykot" {freeze, rElec
                  | Stlth+} (You found it on level 7 of Tartarus)
 96557 | Geh:1    | Entered Level 1 of Gehenna
 97679 | Geh:4    | You fall into a shaft and drop 1 floor!
 98720 | Geh:7    | Entered Level 7 of Gehenna
 99634 | Geh:7    | HP: 8/255 [Brimstone Fiend/damnation[the effects of Hell]
                  | (40)]
100496 | Geh:7    | Identified the Almanac of Conjuration
100499 | Geh:7    | Got a translucent brass ring
100500 | Geh:7    | Identified the ring "Mapuammu" {Slay+2 Stlth-} (You found
                  | it on level 7 of Gehenna)
100504 | Geh:7    | Got a pair of scorched boots
100508 | Geh:7    | Identified the +0 pair of boots of Wrong Decisions {rElec
                  | Str+3 SInv} (You found it on level 7 of Gehenna)
100511 | Geh:7    | Identified Cipok's Early Guide to Witchcraft
100523 | Geh:7    | Identified the Reference Book on Black Secrets and Arcane
                  | Weapons
100963 | Geh:7    | Identified the +7 sceptre of Asmodeus
100963 | Geh:7    | Noticed Asmodeus
100989 | Geh:7    | Killed from afar by Asmodeus

Illustrated notes

Levels and vault maps discovered:
D:1:      ldierk_water_garden, layout_basic, minmay_tripent
D:2:      layout_basic, first_ration
D:3:      layout_loops_ring, portal_sewer_entry_d, uniq_jessica
D:4:      layout_cave_pools, minmay_temple_entry_large_hall,
          minmay_misc_feat_chi, okawaru_altar_gauntlet_db, uniq_edmund,
          uniq_robin
D:5:      minmay_razor_zed, layout_basic, ebering_ghost_rock_garden
D:6:      layout_rooms, serial_shops, kennysheep_mini_moat
D:7:      layout_cave_pods, lemuel_round_altar, basic_altar, uniq_duvessa
D:8:      layout_basic, lair_entry_dummy, serial_shops, shop,
          ebering_ghost_gozag, grunt_pizzeria, minivault_22, grunt_ministairs_9,
          kennysheep_nub, nicolae_ru_path_of_blood
D:9:      layout_cave_pools, erik_orc_4, serial_shops, nicolae_shop_crystal,
          basic_altar, minmay_mirror_moons_of_madness, uniq_erolcha
D:10:     layout_loops_ring
D:11:     layout_stronghold, basic_altar, minmay_diamond_spiral
D:12:     layout_roguey
D:13:     layout_cave_pools, minmay_misc_feat_encased,
          lemuel_mausoleum_altar_yredelemnul
D:14:     layout_loops_cross, grunt_vaults_entry_tiered, enter_bailey_3,
          serial_shops, shop, chequers_jeans
D:15:     grunt_enter_depths_snipers, layout_irregular_city, serial_shops, shop,
          ploomutoo_gammafunk_ghost_potion_laboratory, gauntlet_entry_generic,
          hangedman_decor_peaks_small, nicolae_gozag_seed_capital
Temple:   dpeg_three_leaves_temple
Lair:1:   minmay_lair_venomous_thicket, layout_gridlike, beast_lair_carwin_11,
          lemuel_fruit_fields
Lair:2:   layout_roguey, minmay_shoals_entry_centaurs,
          guppyfry_snake_entry_garden
Lair:3:   regret_index_combs_of_tragedy, layout_loops_ring
Lair:4:   statuecave_lemuel, layout_long_grid
Lair:5:   layout_gridlike, dpeg_slime_entry_corner, ebering_ghost_inner_flame
Lair:6:   minmay_lair_end_frog_pond, layout_big_grid, grunt_forest_stairs_basic,
          chequers_serial_rivers_room_b, uniq_nessos
Shoals:1: layout_shoals
Shoals:2: layout_shoals, ldierk_geyser
Shoals:3: layout_shoals
Shoals:4: shoals_end_hangedman, layout_shoals
Snake:1:  layout_chambers, gammafunk_ghost_grave
Snake:2:  layout_onion_interference, portal_ice_cave_entry_dragon,
          hangedman_venom_bottle, uniq_vashnia
Snake:3:  layout_onion, st_stairs_8, uniq_aizul
Snake:4:  snake_pit, layout_gridlike, ebering_ghost_xom
Slime:1:  layout_caves
Slime:2:  layout_caves
Slime:3:  layout_caves, cheibrodos_slime_lost_civilization_5
Slime:4:  layout_caves
Slime:5
Orc:1:    layout_caves, serial_shops, nicolae_shop_behind_doors
Orc:2:    st_orc_congregation, layout_diamond_mine
Elf:1:    eino_elf_arrival_shootout, layout_geoelf_grid,
          hangedman_elven_crosses_minicolossus
Elf:2:    layout_geoelf_diagonals, small_statue_intersection, minmay_shop_star
Elf:3:    minmay_elf_hall_statues, layout_onion_city
Vaults:1: ebering_vaults_ghost_inner_flame, nicolae_vaults_network_quinsquares
          [nicolae_vaults_network_quincunx_subvault,
          nicolae_vaults_network_quincunx_subvault,
          nicolae_vaults_network_quincunx_subvault,
          nicolae_vaults_network_quincunx_subvault], v_rooms_5,
          ontoclasm_vaults_ring_large, grunt_vaults_swirl,
          ontoclasm_vaults_decontamination, layout_vaults_omnigrid,
          serial_shops, bzr_in_the_mist, uniq_saint_roka
Vaults:2: grunt_vaults_hallway_short, vaults_room_corners, grunt_vaults_focal,
          nicolae_vaults_rhombus_6, hangedman_vaults_pinch, vaults_dpeg_ring,
          minmay_crypt_entry_nasty_monster, hangedman_vaults_impose,
          vaults_room_corners, vaults_dpeg_spiral,
          nicolae_vaults_network_square, hangedman_vaults_slice,
          vaults_room_glass_cross, nicolae_vaults_bisected_slash,
          v_alt_pattern_1, vaults_mumra_hex, v_misc_19, layout_vaults_maze,
          basic_altar, uniq_margery, uniq_boris
Vaults:3: v_pattern_3, vaults_room_door_ring, v_rooms_5, v_rooms_4,
          hangedman_vaults_stagger, v_misc_30, vaults_mumra_lcd,
          nicolae_vaults_big_angled_halls, v_misc_19, v_misc_22,
          grunt_vaults_hallway_short, layout_vaults_omnibox, serial_shops, shop,
          uniq_frederick
Vaults:4: hangedman_vaults_corner_blocks, ontoclasm_vaults_shout,
          vaults_dpeg_diagonal, vaults_mumra_chevron_long,
          hangedman_vaults_stream, v_rooms_4, v_misc_15,
          ontoclasm_vaults_ring_large, v_pattern_2,
          nicolae_vaults_little_squares_6, vaults_mumra_minichess,
          nicolae_vaults_yaktaur_gun_rack, v_alt_pattern_6,
          layout_vaults_omnicross
Vaults:5: serial_shops
Crypt:1:  layout_rooms, minivault_11
Crypt:2:  layout_basic, minivault_14, nicolae_crypt_soggy_tomb, uniq_khufu,
          uniq_xtahua, uniq_mennas
Crypt:3:  cryptofortress_bobbens, uniq_bai_suzhen
Depths:1: layout_gridlike, lightli_too_deep, grunt_decor_cap,
          kennysheep_generic_room_7, grunt_megastairs_2
Depths:2: cheibrodos_witchhunters_guild, layout_basic, abyss_entry,
          pf_hell_entry_tar_spiral, uniq_nikola
Depths:3: gammafunk_the_bubble [the_bubble_gammafunk_split], layout_basic,
          hell_entry, basic_altar, rand_demon_pan_entry_8, st_stairs_6
Depths:4: minmay_the_grid_square_5x5_3x3 [minmay_the_grid_square_5x5_inner_z,
          minmay_the_grid_square_5x5_misaligned,
          minmay_the_grid_square_5x5_spiral, minmay_the_grid_square_5x5_eight,
          minmay_the_grid_square_5x5_megaprize_diamond,
          minmay_the_grid_square_5x5_two_walls_a,
          minmay_the_grid_square_5x5_percent, minmay_the_grid_square_5x5_plus,
          minmay_the_grid_square_5x5_seven], layout_honeycomb, hell_entry,
          hangedman_abyss_entry_splay, minmay_hedge_maze
Depths:5: grunt_zot_entry_tricorne, layout_honeycomb, enter_ziggurat_e,
          hell_entry, serial_shops, nicolae_shop_crystal, basic_altar,
          minmay_shoptagon, uniq_sojobo
Hell
Dis:1:    kennysheep_iron_temple, layout_jigsaw, hangedman_player_shredder
Dis:2:    layout_subdivisions
Dis:3:    layout_jigsaw
Dis:4:    layout_gridville, hangedman_dis_chains,
          hangedman_dis_decor_blocks_crown
Dis:5:    layout_overlapping_boxes
Dis:6:    layout_chaotic_city
Dis:7:    dis_hangedman
Geh:1:    layout_gehenna_pools_triple
Geh:2:    layout_gehenna_pools_basic, nicolae_geh_sunburst,
          lemuel_flamethrower_3
Geh:3:    layout_gehenna_lava_caves
Geh:4:    layout_gehenna_pools_basic
Geh:5:    layout_gehenna_lava_caves
Geh:6:    layout_gehenna_pools_triple
Geh:7:    evilmike_geh
Tar:1:    layout_cathedral_of_symmetry
Tar:2:    layout_grid_maze, nicolae_tar_cuneiform_three
Tar:3:    layout_catacombs, nicolae_tar_cuneiform_three
Tar:4:    layout_honeycomb, nicolae_tar_cuneiform_two, nicolae_tar_cuneiform_not
Tar:5:    layout_catacombs, nicolae_tar_cuneiform_heaven,
          nicolae_tar_fractal_crypt
Tar:6:    layout_honeycomb, nicolae_tar_cuneiform_city
Tar:7:    tar_grunt_cathedral
Zot:1:    layout_cellular_growth, st_stairs_10
Zot:2:    nicolae_moth_party, layout_basic
Zot:3:    infiniplex_zot_generator, layout_twisted_circle,
          st_large_dragon_hoard_2
Zot:4:    ebering_greatest_show_in_zot, layout_basic

Skill      XL: |  1  2  3  4  5  6  7  8  9 10 11 12 13 14 15 16 17 18 19 20 21 22 23 24 25 26 27 |
---------------+----------------------------------------------------------------------------------+-----
Maces & Flails | 2 3 4 6 7 8 10 12 14 16 22 | 22.4
Fighting       | 4 5 7 8 9 11 13 17 20 25 | 25.2
Throwing       | 2 3 4 5 6 11 | 11.1
Shields        | 4 6 9 11 13 15 16 18 21 22 25 | 25.0
Armour         | 4 7 10 11 13 15 17 | 17.8
Evocations     | 5 7 10 12 | 12.6
Dodging        | 1 7 9 12 | 12.1
Spellcasting   | 7 10 | 10.9
Hexes          | 3 6 10 | 10.6
Charms         | 3 |  3.1
Translocations | 2 5 |  5.1
Air Magic      | 2 |  2.0
Necromancy     | 7 13 | 13.8
Fire Magic     | 1 |  1.1

Action                   |  1- 3 |  4- 6 |  7- 9 | 10-12 | 13-15 | 16-18 | 19-21 | 22-24 | 25-27 || total
-------------------------+-------+-------+-------+-------+-------+-------+-------+-------+-------++-------
Melee: Flail             |   100 |   134 |   252 |   161 |       |       |       |       |       ||   647
       Hand axe          |       |   107 |   214 |    66 |       |       |       |       |       ||   387
       Morningstar       |       |       |       |   300 |       |       |       |       |       ||   300
       Demon whip        |       |       |       |   585 |  2025 |  1534 |  1120 |       |       ||  5264
       Eveningstar       |       |       |       |       |       |       |   607 |  1506 |  5757 ||  7870
Throw: Javelin           |     4 |     1 |       |    20 |    20 |    15 |    13 |     2 |    23 ||    98
       Boomerang         |       |     5 |       |    18 |       |       |    32 |       |       ||    55
       Dart              |       |       |    65 |     3 |       |       |       |       |       ||    68
 Cast: Recall            |       |       |       |       |       |       |       |       |    11 ||    11
       Invisibility      |       |       |       |       |       |       |       |       |     5 ||     5
       Borgnjor's Vile C |       |       |       |       |       |       |       |       |     2 ||     2
       Silence           |       |       |       |       |       |       |       |       |     1 ||     1
       Song of Slaying   |       |       |       |       |       |       |       |       |     1 ||     1
       Spectral Weapon   |       |       |       |       |       |       |       |       |     1 ||     1
       Lesser Beckoning  |       |       |       |       |       |       |       |       |     1 ||     1
Invok: Potion Petition   |       |       |     1 |       |     2 |     1 |     2 |     6 |    19 ||    31
       Call Merchant     |       |       |       |       |     2 |     1 |       |     1 |     3 ||     7
       Bribe Branch      |       |       |       |       |       |       |       |       |     4 ||     4
 Abil: Evoke Flight      |       |       |       |       |       |       |    18 |       |     3 ||    21
Evoke: Lightning rod     |       |       |       |     3 |     2 |       |       |       |       ||     5
       Wand              |       |       |       |       |     7 |     1 |    15 |     3 |    12 ||    38
       Tin of tremorston |       |       |       |       |       |     2 |     7 |     1 |    22 ||    32
       Phial of floods   |       |       |       |       |       |       |     2 |     1 |     1 ||     4
       Phantom mirror    |       |       |       |       |       |       |       |     1 |     3 ||     4
       Box of beasts     |       |       |       |       |       |       |       |       |     4 ||     4
  Use: Scroll            |       |     1 |    19 |     6 |    12 |     4 |    22 |    13 |    35 ||   112
 Stab: Distracted        |       |       |       |     1 |    15 |    17 |    15 |    18 |    82 ||   148
       Paralysed         |       |       |       |       |     2 |       |       |       |       ||     2
       Sleeping          |       |       |       |       |       |       |       |    17 |    10 ||    27
       Invisible         |       |       |       |       |       |       |       |     2 |    24 ||    26
       Petrifying        |       |       |       |       |       |       |       |     2 |       ||     2
       Petrified         |       |       |       |       |       |       |       |     1 |       ||     1
       Confused          |       |       |       |       |       |       |       |       |     3 ||     3
Armor: Scale mail        |    53 |   120 |   298 |   441 |    22 |       |       |       |       ||   934
       Plate armour      |       |       |       |       |   557 |       |       |       |       ||   557
       Chain mail        |       |       |       |       |    38 |       |       |       |       ||    38
       Fire dragon scale |       |       |       |       |   123 |   303 |   355 |   550 |  1256 ||  2587
Dodge: Dodged            |    61 |   135 |   256 |   292 |   291 |   299 |   383 |   670 |  1281 ||  3668
Block: Kite shield       |     4 |       |       |   448 |   965 |   568 |  1047 |   974 |   152 ||  4158
       Tower shield      |       |       |       |       |       |    42 |       |       |  5763 ||  5805
       Reflection        |       |       |       |       |       |    23 |   123 |       |   115 ||   261
